 Dungeon Crawl Stone Soup version 0.18.1-6-gd335043 (webtiles) character file.

1377 Gorice the Carver (level 8, -1/56 HPs)
             Began as a Demonspawn Gladiator on May 15, 2016.
             Slain by an ogre
             ... wielding a +0 giant club
              (17 damage)
             ... on level 5 of the Dungeon.
             The game lasted 00:17:35 (4461 turns).

Gorice the Carver (Demonspawn Gladiator)            Turns: 4461, Time: 00:17:36

Health: -1/56      AC: 10    Str: 18    XL:     8   Next: 39%
Magic:  17/17      EV: 11    Int:  9    God:
Gold:   182        SH:  0    Dex: 14    Spells: 0 memorised, 7 levels left

rFire  . . .     SeeInvis .     a - +0 long sword
rCold  . . .     Gourm    .     s - +0 ring mail
rNeg   . . .     Faith    .     (no shield)
rPois  .         Spirit   .     c - +0 helmet
rElec  .         Dismiss  .     (no cloak)
rCorr  .         Reflect  .     (no gloves)
SustAt .         Harm     .     (no boots)
MR     +....                    (no amulet)
Stlth  +.........               I - ring of magical power
                                d - ring of protection from magic

@: somewhat resistant to hostile enchantments, very unstealthy
A: hooves 2, iridescent scales 1, nightstalker 1
a: no special abilities


You were on level 5 of the Dungeon.
You were hungry.

You visited 2 branches of the dungeon, and saw 6 of its levels.

You collected 313 gold pieces.
You spent 131 gold pieces at shops.

Inventory:

Hand Weapons
 a - a +0 long sword (weapon)
 b - a +0 blowgun
 i - a cursed -2 dagger
Missiles
 u - 50 sling bullets
 w - 12 poisoned needles
 x - 5 needles of frenzy
 A - 6 curare-tipped needles
 Y - a throwing net
 Z - 110 stones (quivered)
Armour
 c - a +0 helmet (worn)
 s - a +0 ring mail (worn)
 B - a +0 leather armour
Jewellery
 d - a ring of protection from magic (left hand)
 I - a ring of magical power (right hand)
Scrolls
 e - a scroll of noise {!r}
 k - a scroll of immolation {!r}
 m - 3 scrolls of remove curse
 n - 3 scrolls of blinking
 p - a scroll of recharging
 t - 2 scrolls of fear {!r}
 v - a scroll of fog {unknown}
 y - 2 scrolls of teleportation {!r}
 G - a scroll of enchant armour {unknown}
 H - a scroll of enchant weapon {unknown}
Potions
 j - a potion of heal wounds {unknown}
 q - a potion of resistance {!q}
 z - 2 potions of curing
 C - 3 potions of haste {!q}
 D - a potion of cancellation {unknown}
 E - a potion of brilliance {unknown}
Comestibles
 f - 5 bread rations {!e}
 g - 4 meat rations {!e}
 h - a slice of pizza
 l - 10 fruits
 o - 2 beef jerkies
 r - 2 royal jellies


   Skills:
 - Level 2.0 Fighting
 * Level 8.9 Long Blades
 + Level 4.5 Throwing
 - Level 2.6 Dodging


You had 7 spell levels left.
You didn't know any spells.

Dungeon Overview and Level Annotations

Branches:
Dungeon (5/15)             Temple (1/1) D:5

Altars:
Ashenzari
Cheibriados
Dithmenos
Elyvilon
Fedhas
Kikubaaqudgha
Makhleb
Pakellas
Ru
Sif Muna
Trog
Vehumet
Yredelemnul
The Shining One

Shops:
D:4 =[([*


Innate Abilities, Weirdness & Mutations

You have hoof-like feet.
You are partially covered in iridescent scales (AC +4).
You are slightly more attuned to the shadows.


Message History

w - 18 poisoned needles (gained 1) Eat which item? (? for menu, Esc to quit)
Okay, then.
b - a +0 blowgun (weapon)
You open the door.
Found a glowing golden altar of the Shining One.
The ogre shouts!
Firing (i - inventory. (,) - cycle):
w - 18 poisoned needles (quivered)
Press: ? - help, Shift-Dir - straight line, f - ogre
Aim: an ogre, wielding a giant club You shoot a poisoned needle.
The poisoned needle hits the ogre.
The ogre is poisoned.
Firing (i - inventory. (,) - cycle):
w - 17 poisoned needles (quivered)
Press: ? - help, Shift-Dir - straight line, f/p - ogre
Aim: an ogre, wielding a giant club (poisoned)
You shoot a poisoned needle. The poisoned needle hits the ogre.
Firing (i - inventory. (,) - cycle):
w - 16 poisoned needles (quivered)
Press: ? - help, Shift-Dir - straight line, f/p - ogre
Aim: an ogre, wielding a giant club (poisoned)
You shoot a poisoned needle.
The poisoned needle completely misses the ogre.
Firing (i - inventory. (,) - cycle):
w - 15 poisoned needles (quivered)
Press: ? - help, Shift-Dir - straight line, f/p - ogre
Aim: an ogre, wielding a giant club (poisoned)
You shoot a poisoned needle. The poisoned needle hits the ogre!
The ogre looks even sicker.
Firing (i - inventory. (,) - cycle):
w - 14 poisoned needles (quivered)
Press: ? - help, Shift-Dir - straight line, f/p - ogre
Aim: an ogre, wielding a giant club (poisoned)
You shoot a poisoned needle.
The poisoned needle barely misses the ogre.
Firing (i - inventory. (,) - cycle):
w - 13 poisoned needles (quivered)
Press: ? - help, Shift-Dir - straight line, f/p - ogre
Aim: an ogre, wielding a giant club (poisoned)
You shoot a poisoned needle. The poisoned needle hits the ogre!
The ogre looks even sicker.
a - a +0 long sword (weapon)
You hit the ogre. Your kick misses the ogre.
The ogre is lightly wounded.
The ogre hits you with a giant club!!
Damage: 26 (max 26)
You hit the ogre. You kick the ogre.
The ogre is heavily wounded.
The ogre hits you with a giant club!
* * * LOW HITPOINT WARNING * * *
Damage: 14 (max 26)
You slash the ogre!
The ogre is almost dead.
The ogre hits you with a giant club!
You die...

#.........:...#
#####..###+###..#.#
.......# #.# #..# #
#####..# #.# #.(#.#
#..+ ._# #(.#.#
#..# #.# #(... ##.#
#.# #(..
#.###'###O#
#........@#
##.#......#
#.######## #.. ####


You could see an ogre.

Vanquished Creatures
  Prince Ribbit (D:5)
  The ghost of Gorice the Slasher, an amateur DsGl of Okawaru (D:3)
  2 sky beasts (D:5)
  An ogre (D:4)
  2 phantoms (D:3)
  Blork the orc (D:4)
  2 scorpions (D:5)
  A howler monkey (D:5)
  A giant frog zombie (D:5)
  An orc priest (D:5)
  2 hounds
  2 orc wizards
  Ijyb (D:3)
  3 worker ants
  A howler monkey skeleton (D:5)
  6 adders
  An adder skeleton (D:4)
  A worm (D:4)
  2 dart slugs (D:1)
  3 giant geckos
  7 orcs
  3 giant cockroaches
  9 goblins
  8 hobgoblins
  3 jackals (D:3)
  10 kobolds
  3 quokkas
  5 bats
  A giant gecko skeleton (D:5)
  3 giant newts
  8 rats
95 creatures vanquished.

Notes
Turn   | Place    | Note
--------------------------------------------------------------
     0 | D:1      | Gorice the Demonspawn Gladiator began the quest for the Orb.
     0 | D:1      | Reached XP level 1. HP: 16/16 MP: 1/1
    92 | D:1      | Reached skill level 3 in Long Blades
   129 | D:1      | Gained mutation: You are partially covered in iridescent scales (AC +4). [demonic ancestry]
   129 | D:1      | Reached XP level 2. HP: 13/22 MP: 2/2
   298 | D:2      | Gained mutation: You have large cloven feet. [demonic ancestry]
   298 | D:2      | Reached XP level 3. HP: 21/27 MP: 3/3
   316 | D:2      | Reached skill level 4 in Long Blades
   926 | D:1      | Reached XP level 4. HP: 31/33 MP: 4/4
  1561 | D:3      | Noticed Ijyb
  1566 | D:3      | Killed Ijyb
  1566 | D:3      | Reached skill level 5 in Long Blades
  1646 | D:3      | Noticed Gorice's ghost (amateur DsGl)
  1664 | D:3      | HP: 8/33 [Gorice's ghost (8)]
  1666 | D:3      | Killed Gorice's ghost
  1666 | D:3      | Reached skill level 6 in Long Blades
  1666 | D:3      | Gained mutation: You have hoof-like feet. [demonic ancestry]
  1666 | D:3      | Reached XP level 5. HP: 9/38 MP: 5/5
  1950 | D:3      | Reached XP level 6. HP: 30/44 MP: 6/6
  2108 | D:3      | Found a snail-covered altar of Cheibriados.
  2108 | D:3      | Found a blossoming altar of Fedhas.
  2109 | D:3      | Found a white marble altar of Elyvilon.
  2112 | D:3      | Found a radiant altar of Vehumet.
  2329 | D:3      | Found an oddly glowing altar of Pakellas.
  2598 | D:4      | Noticed Blork the orc
  2615 | D:4      | Killed Blork the orc
  2615 | D:4      | Reached skill level 2 in Throwing
  2655 | D:4      | Found Cerepucw's Antique Armour Boutique.
  2657 | D:4      | Found Lysipn's Jewellery Emporium.
  2951 | D:4      | Found Zorusaat's Antique Weapon Emporium.
  2969 | D:4      | Bought a runed scimitar for 92 gold pieces
  2982 | D:4      | Found Poibryfi's General Store.
  2985 | D:4      | Bought a scroll of teleportation for 39 gold pieces
  3105 | D:4      | Found Wuepryxu's Armour Emporium.
  3124 | D:4      | Reached skill level 7 in Long Blades
  3124 | D:4      | Reached XP level 7. HP: 50/50 MP: 7/7
  3185 | D:3      | Reached skill level 3 in Throwing
  3508 | D:5      | Entered Level 5 of the Dungeon
  3586 | D:5      | Found a shattered altar of Ashenzari.
  3765 | D:5      | Reached skill level 8 in Long Blades
  3865 | D:5      | Noticed Prince Ribbit
  3889 | D:5      | Killed Prince Ribbit
  3889 | D:5      | Reached skill level 4 in Throwing
  3889 | D:5      | Gained mutation: You are slightly more attuned to the shadows. [demonic ancestry]
  3889 | D:5      | Reached XP level 8. HP: 32/56 MP: 8/8
  4096 | D:5      | Found a staircase to the Ecumenical Temple.
  4113 | Temple   | Entered the Ecumenical Temple
  4445 | D:5      | Found a glowing golden altar of the Shining One.
  4460 | D:5      | HP: 16/56 [ogre/giant club (14)]
  4461 | D:5      | Slain by an ogre

Skill      XL: |  1  2  3  4  5  6  7 |
---------------+----------------------+-----
Long Blades    | 3 4 6 7 8 |  8.9
Throwing       | 2 4 |  4.5
Fighting       | |  2.0
Dodging        | |  2.6

Action                   |  1- 3 |  4- 6 |  7- 9 || total
-------------------------+-------+-------+-------++-------
Melee: Long sword        |   102 |   169 |   110 ||   381
       Kick              |    12 |    44 |    29 ||    85
 Fire: Blowgun           |       |     7 |    41 ||    48
Throw: Stone             |       |    15 |     1 ||    16
       Throwing net      |       |     2 |       ||     2
  Use: Scroll            |       |     9 |     2 ||    11
       Potion            |       |     1 |       ||     1
 Stab: Held in net/web   |       |     1 |       ||     1
  Eat: Chunk             |       |     7 |     4 ||    11
Armor: Leather armour    |    46 |     4 |       ||    50
       Ring mail         |       |    71 |    44 ||   115
Dodge: Dodged            |    92 |    85 |    67 ||   244

Table legend:
 A = Turns spent in this place as a percentage of turns spent in the entire game.
 B = Non-inter-level travel turns spent in this place as a percentage of non-inter-level travel turns spent in the entire game.
 C = Inter-level travel turns spent in this place as a percentage of turns spent in this place.
 D = Turns resting spent in this place as a percentage of non-inter-level travel turns spent in this place.
 E = Turns spent auto-exploring this place as a percentage of non-inter-level travel turns spent in this place.
 F = Non-inter-level travel turns spent in this place divided by the number of levels of this place that you've seen.
                   A       B       C       D       E      F
               +-------+-------+-------+-------+-------+----------------------
         Total | 100.0 | 100.0 |   0.4 |   1.3 |   4.8 | 316.0
       Dungeon |  99.4 |  99.5 |   0.4 |   1.3 |   4.7 | 377.2
        Temple |   0.6 |   0.5 |   9.1 |   0.0 |  30.0 |  10.0
               +-------+-------+-------+-------+-------+----------------------

Vault maps used:
D:1:      matt_arrival_spirals
D:2:      first_bread
D:3:      minitemple, overflow_temple_1_default, uniq_iyjb
D:4:      serial_shops, kennysheep_mini_moat, kennysheep_mini, shop,
          nicolae_shop_trees, shop, uniq_blork_the_orc
D:5:      minmay_thick_lines, overflow_temple_1_default, lemuel_doored_altar,
          minmay_temple_entry_crystal_x, basic_altar,
          kennysheep_generic_room_11, uniq_grinder, uniq_prince_ribbit1
Temple:   minmay_temple_bridge_a_8
